 Dungeon Crawl Stone Soup version 0.23.2-1-ga50397a (webtiles) character file.

Game seed: 1735771453802409765

1915 schauveau the Geomancer (level 9, -7/45 HPs)
             Began as a Gargoyle Earth Elementalist on Apr 30, 2019.
             Was a Believer of Vehumet.
             Mangled by an orc warrior
             ... wielding a +2 trident of protection
              (17 damage)
             ... on level 6 of the Dungeon.
             The game lasted 00:20:58 (8728 turns).

schauveau the Geomancer (GrEE)                      Turns: 8728, Time: 00:20:59

Health: -7/45      AC: 15    Str: 12    XL:     9   Next: 16%
Magic:  3/17       EV: 12    Int: 22    God:    Vehumet [**....]
Gold:   250        SH:  0    Dex: 10    Spells: 7/18 levels left

rFire    + . .     SeeInvis .   a - +2 morningstar
rCold    + . .     Gourm    .   (no shield)
rNeg     + . .     Faith    .   c - +0 robe
rPois    ∞         Spirit   .   O - +1 helmet {Int+3}
rElec    +         Reflect  .   o - +2 cloak of Usiet {rElec rC+ Slay+2}
rCorr    +         Harm     .   i - +0 pair of gloves
MR       .....                  p - +0 pair of boots
Stlth    +++.......             (no amulet)
HPRegen  0.15/turn              y - ring of resist corrosion
MPRegen  0.15/turn              F - ring of protection from fire

@: no status effects
A: negative energy resistance 1, electricity resistance, unbreathing,
petrification resistance, rot immunity, AC +6
a: Renounce Religion


You were on level 6 of the Dungeon.
You worshipped Vehumet.
Vehumet was pleased with you.
You were hungry.

You visited 2 branches of the dungeon, and saw 8 of its levels.
You also visited: Ossuary.

You collected 614 gold pieces.
You spent 364 gold pieces at shops.

Inventory:

Hand Weapons
 a - a +2 morningstar (weapon)
 h - a +0 dagger
 l - a +0 hunting sling
 r - a +0 mace
 L - a +0 flail
Missiles
 b - 98 stones
 g - 11 poisoned needles
 k - 53 sling bullets
 B - 8 javelins
 K - 2 poisoned tomahawks (quivered)
Armour
 c - a +0 robe (worn)
 i - a +0 pair of gloves (worn)
 o - the +2 cloak of Usiet (worn) {rElec rC+ Slay+2}
   (You found it on level 1 of the Dungeon)

   It affects your accuracy and damage with ranged weapons and melee attacks
   (+2).
   It protects you from cold.
   It insulates you from electricity.
 p - a +0 pair of boots (worn)
 M - the +10 chain mail of the Suburbs {rC- rN+++ MR- Str+9}
   (You found it on level 4 of the Dungeon)

   It affects your strength (+9).
   It makes you vulnerable to cold.
   It renders you almost immune to negative energy.
   It affects your resistance to hostile enchantments.
 O - a +1 helmet of intelligence (worn)
Magical Staves
 x - an uncursed staff of summoning
Jewellery
 y - a ring of resist corrosion (left hand)
 F - a ring of protection from fire (right hand)
Wands
 m - a wand of polymorph (7)
 H - a wand of flame (22)
 U - a wand of random effects (14)
Scrolls
 f - 5 scrolls of remove curse
 A - a scroll of random uselessness
 R - a scroll of amnesia
 S - a scroll of teleportation
Potions
 e - 2 potions of magic {unknown}
 j - 2 potions of brilliance
 n - 2 potions of resistance
 q - a potion of cancellation
 s - 3 potions of lignification
 u - 3 potions of haste {unknown}
 v - a potion of mutation {unknown}
 w - 5 potions of curing {unknown}
 z - 2 potions of might
 C - 2 potions of flight {unknown}
 E - 2 potions of degeneration {unknown}
 G - 3 potions of ambrosia
 J - a potion of heal wounds
Comestibles
 d - 6 rations


   Skills:
 - Level 3.2 Staves
 + Level 0.0 Armour
 - Level 1.5 Dodging
 + Level 6.9 Stealth
 + Level 5.4 Spellcasting
 - Level 0.7 Transmutations
 * Level 10.0 Earth Magic


You had 7 spell levels left.
You knew the following spells:

 Your Spells              Type           Power        Failure   Level  Hunger
a - Sandblast             Erth           ######       1%          1    None
b - Passwall              Tmut/Erth      ####....     1%          2    None
x - Stone Arrow           Conj/Erth      ####..       3%          3    ##.....
z - Lee's Rapid Deconstr  Erth           ######....   4%          5    #####..

Your spell library contained the following spells:

 Spells                   Type           Power        Failure   Level  Hunger
 Sting                    Conj/Pois      #...         10%         1    None
 Petrify                  Tmut/Erth      ####....     11%         4    ####...


Dungeon Overview and Level Annotations

Branches:
Dungeon (7/15)             Temple (1/1) D:4

Altars:
Ashenzari
Cheibriados
Elyvilon
Fedhas
Gozag
Hepliaklqana
Kikubaaqudgha
Makhleb
Nemelex Xobeh
Qazlal
Ru
Sif Muna
Trog
Uskayaw
Vehumet
Wu Jian
Xom
Yredelemnul
Zin
The Shining One

Shops:
D:6 *


Innate Abilities, Weirdness & Mutations

You are resistant to torment.
Your stone body is resilient. (AC +6)
You are immune to poison.
You resist negative energy. (rN+)
You are resistant to electric shocks. (rElec)
You can survive without breathing.
You are immune to petrification.
You are immune to rotting.


Message History

You see here a +1 dagger of flaming.
You barely miss the orc warrior.
The orc warrior is heavily wounded.
The orc warrior hits you with a +2 trident of protection.
The orc warrior hits you but does no damage.
You closely miss the orc warrior.
The orc warrior is heavily wounded.
The orc warrior hits you with a +2 trident of protection.
You barely miss the orc warrior.
The orc warrior is heavily wounded.
The orc warrior closely misses you.
You sock the orc warrior!
The orc warrior is severely wounded.
The orc warrior barely misses you.
You hit the orc warrior.
The orc warrior is severely wounded.
The orc warrior hits you with a +2 trident of protection!
* * * LOW HITPOINT WARNING * * *
The orc warrior hits you with a +2 trident of protection!
You die...

##......#...####.## #..# #
.............###.##########..# #
......#'#..#.................# #
.###.......#.###.##########.## #
..........##.###.# #..# #
†##.......##..##.# #..#####
.##.......##..##.# #.......
.##.#...####..##.# #..#####
...........#...#@#########..#####
.##.##...#.#.#.#o#...............
.##.##...#.#.#.#'#'####........##
........F#.#.#......# #........##
.##.##..[#.#.#......# #........##
≈≈#.##...§.#.#......# #....##.###
#≈#.##.#.#...#......# ####.##....
'...##.#.#.###......# #.######
#≈..............>...# #.#


You could see an orc warrior.

Vanquished Creatures
  Prince Ribbit (D:6)
  2 orc warriors (D:6)
  2 sky beasts (D:6)
  An ice beast (D:6)
  A black bear (D:6)
  An ogre (D:4)
  Blork the orc (D:5)
  2 bullfrogs (D:6)
  A scorpion (D:6)
  A centaur zombie (D:6)
  A crimson imp (D:6)
  A jelly (D:6)
  An orc wizard (D:6)
  A gnoll shaman (D:6)
  A hound (D:6)
  2 bullfrog skeletons
  Terence (D:3)
  4 worker ants
  9 big kobold zombies (Ossuary)
  A hound skeleton (D:5)
  2 mummies (Ossuary)
  A worker ant zombie (D:6)
  5 gnolls (D:6)
  5 adders
  3 oozes
  An adder skeleton (D:4)
  2 adder zombies
  4 dart slugs
  5 leopard geckos
  19 orcs
  8 bats
  7 giant cockroaches
  12 hobgoblins
  7 jackals
  3 quokkas
  5 frilled lizards
  A gnoll zombie (Ossuary)
  8 goblins
  2 goblin zombies (Ossuary)
  A hobgoblin zombie (Ossuary)
  2 kobolds
  An orc zombie (Ossuary)
  11 rats
150 creatures vanquished.

Notes
Turn   | Place    | Note
-------+----------+-------------------------------------------
     0 | D:1      | schauveau the Gargoyle Earth Elementalist began the quest
                  | for the Orb.
     0 | D:1      | Reached XP level 1. HP: 10/10 MP: 3/3
   364 | D:1      | Reached skill level 4 in Earth Magic
   364 | D:1      | Reached XP level 2. HP: 15/15 MP: 0/5
   840 | D:1      | Reached XP level 3. HP: 18/19 MP: 6/6
   891 | D:1      | Learned a level 2 spell: Passwall
   926 | D:1      | Got an encrusted cloak
   936 | D:1      | Identified the +2 cloak of Usiet {rElec rC+ Slay+2} (You
                  | found it on level 1 of the Dungeon)
  1553 | D:2      | Learned a level 3 spell: Stone Arrow
  2025 | D:2      | Reached skill level 5 in Earth Magic
  2025 | D:2      | Reached XP level 4. HP: 20/24 MP: 7/7
  2720 | D:3      | Reached XP level 5. HP: 16/28 MP: 6/9
  3060 | D:3      | Noticed Terence
  3530 | D:4      | Found a staircase to the Ecumenical Temple.
  3597 | Temple   | Entered the Ecumenical Temple
  3636 | Temple   | Became a worshipper of Vehumet
  3763 | D:4      | Reached skill level 1 in Staves
  3900 | D:3      | Killed Terence
  4013 | D:4      | Found a sand-covered staircase.
  4018 | Ossuary  | Entered an ossuary
  4088 | Ossuary  | Reached XP level 6. HP: 24/32 MP: 10/10
  4108 | Ossuary  | Reached skill level 6 in Earth Magic
  4871 | D:4      | Reached XP level 7. HP: 34/36 MP: 1/12
  5046 | D:4      | Got a scorched chain mail
  5373 | D:5      | Entered Level 5 of the Dungeon
  5473 | D:5      | Identified the +10 chain mail of the Suburbs {rC- rN+++ MR-
                  | Str+9} (You found it on level 4 of the Dungeon)
  5535 | D:5      | Reached skill level 7 in Earth Magic
  5553 | D:5      | Reached * piety under Vehumet
  5553 | D:5      | Offered knowledge of Freeze by Vehumet.
  5695 | D:5      | Noticed Blork the orc
  5700 | D:5      | Killed Blork the orc
  5959 | D:6      | Reached skill level 5 in Stealth
  6285 | D:6      | Reached XP level 8. HP: 30/41 MP: 14/14
  6323 | D:6      | Found Lyror's Assorted Antiques.
  6326 | D:6      | Bought a shiny helmet for 240 gold pieces
  6406 | D:6      | Bought a scroll labeled LYET URECS for 32 gold pieces
  6406 | D:6      | Bought a scroll labeled WYGAIW ESSE for 32 gold pieces
  6406 | D:6      | Bought a scroll labeled QAQIBUJOAGH for 32 gold pieces
  6406 | D:6      | Bought a murky puce potion for 28 gold pieces
  6430 | D:6      | Reached skill level 8 in Earth Magic
  6767 | D:6      | Noticed Prince Ribbit
  7234 | D:6      | Offered knowledge of Sting by Vehumet.
  7242 | D:6      | Learned a level 5 spell: Lee's Rapid Deconstruction
  7331 | D:6      | Reached ** piety under Vehumet
  7404 | D:6      | Killed Prince Ribbit
  7404 | D:6      | Reached skill level 9 in Earth Magic
  7543 | D:6      | Reached skill level 5 in Spellcasting
  7903 | D:6      | Reached XP level 9. HP: 33/45 MP: 0/16
  8392 | D:6      | Reached skill level 10 in Earth Magic
  8728 | D:6      | Mangled by an orc warrior

Skill      XL: |  1  2  3  4  5  6  7  8  9 |
---------------+----------------------------+-----
Earth Magic    | 4 5 6 7 9 10 | 10.0
Stealth        | 3 4 5 6 |  6.9
Spellcasting   | 3 4 5 |  5.4
Staves         | 1 2 3 |  3.2
Dodging        | |  1.5
Transmutations | |  0.7

Action                   |  1- 3 |  4- 6 |  7- 9 || total
-------------------------+-------+-------+-------++-------
Melee: Unarmed           |     1 |       |       ||     1
       Mace              |    82 |       |       ||    82
       Morningstar       |     5 |   165 |   158 ||   328
Throw: Tomahawk          |       |       |     2 ||     2
 Cast: Sandblast         |    10 |    30 |    20 ||    60
       Stone Arrow       |     4 |    12 |     5 ||    21
       Passwall          |     4 |       |       ||     4
       Lee's Rapid Decon |       |       |    18 ||    18
  Use: Scroll            |       |       |    18 ||    18
       Potion            |       |       |     1 ||     1
 Stab: Sleeping          |     6 |     4 |     3 ||    13
  Eat: Chunk             |     1 |     5 |     6 ||    12
       Ration            |     1 |     2 |     3 ||     6
Armor: Robe              |    50 |   145 |   105 ||   300
Dodge: Dodged            |    82 |   162 |   147 ||   391
